 Dungeon Crawl Stone Soup version 0.18.1-48-g4cf74bf (webtiles) character file.

3824 Heedrag the Destroyer (level 9, -8/47 HPs)
             Began as a Deep Elf Conjurer on Sept 1, 2016.
             Was a Follower of Vehumet.
             Killed from afar by a steam dragon (25 damage)
             ... with a ball of steam
             ... on level 9 of the Dungeon.
             The game lasted 00:19:58 (8207 turns).

Heedrag the Destroyer (Deep Elf Conjurer)           Turns: 8207, Time: 00:19:59

Health: -8/47      AC:  7    Str: 10    XL:     9   Next: 97%
Magic:  14/23      EV: 15    Int: 19    God:    Vehumet [*.....]
Gold:   530        SH:  0    Dex: 15    Spells: 3 memorised, 15 levels left

rFire  . . .     SeeInvis .     J - +1 scythe (venom)
rCold  . . .     Gourm    .     a - +0 robe
rNeg   . . .     Faith    .     (shield currently unavailable)
rPois  .         Spirit   .     (helmet restricted)
rElec  .         Dismiss  .     (no cloak)
rCorr  .         Reflect  .     w - +0 pair of gloves
SustAt .         Harm     .     e - +0 pair of boots
MR     .....                    g - amulet of regeneration
Stlth  ++........               v - -2 ring of intelligence (curse)
                                y - ring of flight

@: not resistant to hostile enchantments, unstealthy
A: antennae 1, hooves 1, molten scales 1, thin metallic scales 1, frail 1,
mutation resistance 1, screaming 1, strong 1
a: Renounce Religion, Evoke Flight


You were on level 9 of the Dungeon.
You worshipped Vehumet.
Vehumet was aware of your devotion.
You were not hungry.

You visited 2 branches of the dungeon, and saw 10 of its levels.
You also visited: Sewer.

You collected 595 gold pieces.
You spent 65 gold pieces at shops.

Inventory:

Hand Weapons
 I - a +3 vampiric spear
 J - a +1 scythe of venom (weapon)
 S - a +0 whip of electrocution
Armour
 a - a +0 robe (worn)
 e - a +0 pair of boots (worn)
 w - a +0 pair of gloves (worn)
 K - a +0 helmet
 U - a +0 buckler
 Z - the cursed +1 ring mail "Ycuadefuv" {rN+ Int+3, unknown}
   (You found it on level 8 of the Dungeon)

   It affects your intelligence (+3).
   It protects you from negative energy.
   It has a curse placed upon it.
Magical Staves
 P - an uncursed staff of death
Jewellery
 g - an amulet of regeneration (around neck)
 v - a cursed -2 ring of intelligence (right hand)
 y - a ring of flight (left hand)
 E - a cursed ring of resist corrosion {unknown}
Wands
 n - a wand of digging (18/24)
 u - a wand of disintegration (14/24)
 x - a wand of flame (30/48)
 C - a wand of flame (35/48)
 H - a wand of polymorph (13/24)
 O - a wand of confusion (14/48)
 X - a wand of iceblast (8/15)
Scrolls
 f - 2 scrolls of random uselessness {unknown}
 j - 9 scrolls of identify {unknown}
 o - 4 scrolls of remove curse {unknown}
 r - a scroll of blinking {unknown}
 t - 6 scrolls of enchant armour {unknown}
 G - 2 scrolls of teleportation
 L - 2 scrolls of immolation {unknown}
 R - a scroll of torment {unknown}
 T - a scroll of summoning {unknown}
 Y - a scroll of recharging
Potions
 d - a potion of beneficial mutation {unknown}
 h - 4 potions of haste {unknown}
 l - 5 potions of brilliance {unknown}
 m - 3 potions of might {unknown}
 p - a potion of magic {unknown}
 q - 2 potions of cancellation {unknown}
 z - 2 potions of heal wounds {unknown}
 A - 2 potions of agility {unknown}
 F - 2 potions of degeneration {unknown}
 M - a potion of curing
 V - a potion of ambrosia {unknown}
Books
 b - a book of Conjurations

   Spells                             Type                      Level
   a - Magic Dart                     Conjuration                  1
   b - Searing Ray                    Conjuration                  2
   c - Dazzling Spray                 Conjuration/Hexes            3
   d - Fulminant Prism                Conjuration/Hexes            4
   e - Iskenderun's Mystic Blast      Conjuration                  4
   f - Iskenderun's Battlesphere      Conjuration/Charms           5
 N - a book of Air

   Spells                             Type                      Level
   a - Shock                          Conjuration/Air              1
   b - Swiftness                      Charms/Air                   2
   c - Repel Missiles                 Charms/Air                   2
   d - Static Discharge               Conjuration/Air              3
   e - Lightning Bolt                 Conjuration/Air              5
 Q - Sif Muna's Guide on Summoning
   (You found it on level 7 of the Dungeon)

   Spells                             Type                      Level
   a - Summon Small Mammal            Summoning                    1
Comestibles
 c - 2 bread rations
 i - 2 royal jellies
 k - 17 fruits
 s - 3 meat rations
 B - 2 slices of pizza
 D - 2 beef jerkies


   Skills:
 * Level 4.8 Fighting
 + Level 5.4 Dodging
 - Level 2.4 Stealth
 + Level 8.8 Spellcasting
 * Level 10.8 Conjurations
 + Level 7.6 Charms


You had 15 spell levels left.
You knew the following spells:

 Your Spells              Type           Power        Failure   Level  Hunger
a - Magic Dart            Conj           ####         1%          1    None
b - Iskenderun's Mystic   Conj           #####...     1%          4    ###....
c - Iskenderun's Battles  Conj/Chrm      #####...     8%          5    #####..


Dungeon Overview and Level Annotations

Branches:
Dungeon (9/15)             Temple (1/1) D:4
   Lair: D:8-11         Orc: D:9-12

Altars:
Ashenzari
Cheibriados
Dithmenos
Elyvilon
Fedhas
Gozag
Kikubaaqudgha
Makhleb
Nemelex Xobeh
Okawaru
Pakellas
Qazlal
Ru
Sif Muna
Trog
Vehumet
Xom
Yredelemnul
Zin
The Shining One

Shops:
D:6 (*


Innate Abilities, Weirdness & Mutations

You have a pair of small antennae on your head.
You have large cloven feet.
You are partially covered in molten scales (AC +1).
You are partially covered in thin metallic scales (AC +2).
You are frail (-10% HP).
You are somewhat resistant to further mutation.
You occasionally shout uncontrollably at your foes.
Your muscles are strong. (Str +2)


Message History

Castin': Magic Dart Confirm wit' . or Enter, or press ? or * ta list all spells.
Aimin': Magic Dart
Press: ? - help, Shift-Dir - straight line, f - wolf
Aim: a wolf Tha magic dart hits tha wolf.
Tha wolf be lightly wounded.
Ye be 'ngulfed in a cloud o' scaldin' steam.
Yer battlesphere fires!
Tha barrage o' energy hits tha steam dragon.
Tha steam dragon be severely wounded.
An ice beast comes inta view.
Ye be 'ngulfed in a cloud o' scaldin' steam.
Tha wolf bites yer battlesphere!
Tha wolf bites ye.
Tha wolf bites yer battlesphere.
Tha steam dragon breathas steam at ye.
Tha ball o' steam hits ye!
Ouch! Tha re'lly hurt!
Ye die...

Y..W####.......
#####.!J####.......
#..........#
#..>.......#
#....D.....#
#.....§....#
#.....§hh..#
#####..§*..#
###.@..# #....#
#...## #...# #...#
#...# #...# #..<#
#...#


You could see a steam dragon, 2 wolves, a jelly and a friendly battlesphere.

Vanquished Creatures
  Pikel (D:7)
  A two-headed ogre (D:8)
  Sigmund (D:3)
  A hungry ghost (D:9)
  3 slaves
  An ice beast (D:6)
  2 necrophages
  A sky beast (D:7)
  A phantom (D:6)
  3 ogres
  3 centaurs
  A crocodile (Sewer)
  A giant frog (D:5)
  5 scorpions
  6 killer bees (D:8)
  2 crimson imps (D:5)
  A giant frog zombie (D:7)
  2 jellies
  A giant frog skeleton (D:7)
  3 orc priests
  4 hounds
  3 centaur skeletons
  10 orc wizards
  Terence (D:2)
  2 iguanas (D:8)
  Natasha (thrice) (D:2)
  5 worker ants
  Robin (D:3)
  3 gnolls (D:7)
  11 adders
  A river rat (D:6)
  2 shadow imps
  An ooze (D:2)
  An adder skeleton (D:6)
  2 adder zombies (D:8)
  5 worms
  2 dart slugs
  7 giant geckos
  16 orcs
  10 bats
  11 giant cockroaches
  16 goblins
  9 hobgoblins
  8 jackals (D:4)
  A quokka (D:7)
  5 giant newts
  10 kobolds
  2 rats
192 creatures vanquished.

Notes
Turn   | Place    | Note
--------------------------------------------------------------
     0 | D:1      | Heedrag the Deep Elf Conjurer began the quest for the Orb.
     0 | D:1      | Reached XP level 1. HP: 10/10 MP: 6/6
   238 | D:1      | Reached XP level 2. HP: 15/15 MP: 4/8
   357 | D:1      | Reached skill level 5 in Conjurations
   772 | D:2      | Reached XP level 3. HP: 19/19 MP: 2/9
   933 | D:2      | Noticed Natasha
   938 | D:2      | Killed Natasha
  1094 | D:2      | Reached XP level 4. HP: 20/24 MP: 7/11
  1102 | D:2      | Noticed Natasha
  1189 | D:2      | Killed Natasha
  1189 | D:2      | Reached skill level 6 in Conjurations
  1195 | D:2      | Noticed Natasha
  1204 | D:2      | Killed Natasha
  1316 | D:2      | Noticed Terence
  1358 | D:2      | Learned a level 4 spell: Iskenderun's Mystic Blast
  1368 | D:3      | Reached XP level 5. HP: 28/28 MP: 4/13
  1452 | D:3      | Learned a level 5 spell: Iskenderun's Battlesphere
  1558 | D:3      | Reached skill level 1 in Charms
  1831 | D:3      | Noticed Sigmund
  1862 | D:3      | Noticed Robin
  2237 | D:4      | Reached skill level 5 in Spellcasting
  2237 | D:4      | Reached XP level 6. HP: 27/32 MP: 6/15
  2344 | D:4      | Found a glowing golden altar of the Shining One.
  2599 | D:4      | Found a staircase to the Ecumenical Temple.
  2604 | Temple   | Entered the Ecumenical Temple
  2850 | D:4      | Found a bloodstained altar of Trog.
  2887 | D:5      | Entered Level 5 of the Dungeon
  2892 | D:5      | Reached skill level 7 in Conjurations
  3328 | D:5      | Found a bloodstained altar of Trog.
  3616 | D:5      | Found a stormy altar of Qazlal.
  3682 | D:5      | Reached XP level 7. HP: 36/36 MP: 4/17
  3983 | D:5      | Reached skill level 8 in Conjurations
  4234 | D:3      | Killed Sigmund
  4234 | D:3      | Reached skill level 5 in Charms
  4463 | D:3      | Killed Robin
  4603 | D:2      | Killed Terence
  4879 | D:6      | Reached XP level 8. HP: 42/42 MP: 9/20
  4932 | D:6      | Found Sato's Weapon Boutique.
  4959 | D:6      | Found Lauk's General Store.
  4978 | D:6      | Reached skill level 1 in Fighting
  5022 | D:6      | Found a glowing drain.
  5106 | Sewer    | Entered a sewer
  5173 | Sewer    | Reached skill level 9 in Conjurations
  5310 | D:6      | Bought 2 potions of mutation for 65 gold pieces
  5310 | D:6      | Gained mutation: You have a pair of small antennae on your head. [potion of mutation]
  5310 | D:6      | Gained mutation: You possess an exceptional clarity of mind. [potion of mutation]
  5310 | D:6      | Gained mutation: You are partially covered in molten scales (AC +1). [potion of mutation]
  5311 | D:6      | Gained mutation: You occasionally shout uncontrollably at your foes. [potion of mutation]
  5311 | D:6      | Gained mutation: You are partially covered in thin metallic scales (AC +2). [potion of mutation]
  5311 | D:6      | Gained mutation: Your muscles are strong. (Str +2) [potion of mutation]
  5313 | D:6      | Lost mutation: You possess an exceptional clarity of mind. [potion of mutation]
  5313 | D:6      | Gained mutation: You have large cloven feet. [potion of mutation]
  5314 | D:6      | Gained mutation: You are somewhat resistant to further mutation. [potion of mutation]
  5314 | D:6      | Gained mutation: You are frail (-10% HP). [potion of mutation]
  5328 | D:6      | Found a shimmering altar of Xom.
  5608 | D:6      | Found a sacrificial altar of Ru.
  5959 | D:7      | Noticed Pikel
  6579 | D:7      | Killed Pikel
  6579 | D:7      | Reached XP level 9. HP: 45/45 MP: 8/22
  6745 | D:7      | Reached skill level 10 in Conjurations
  6768 | D:7      | Found a deep blue altar of Sif Muna.
  6777 | D:7      | Identified Sif Muna's Guide on Summoning
  6786 | D:7      | Found an ancient bone altar of Kikubaaqudgha.
  6798 | D:7      | Found a radiant altar of Vehumet.
  6804 | D:7      | Became a worshipper of Vehumet
  7462 | D:8      | Reached skill level 5 in Dodging
  7751 | D:8      | Reached * piety under Vehumet
  7751 | D:8      | Offered knowledge of Sting by Vehumet.
  7879 | D:8      | Got a fine ring mail
  8207 | D:9      | Killed from afar by a steam dragon

Skill      XL: |  1  2  3  4  5  6  7  8  9 |
---------------+----------------------------+-----
Conjurations   | 5 6 7 8 9 10 | 10.8
Spellcasting   | 4 5 6 7 8 |  8.8
Charms         | 2 4 5 6 7 |  7.6
Fighting       | 3 4 |  4.8
Dodging        | 4 5 |  5.4
Stealth        | |  2.4

Action                   |  1- 3 |  4- 6 |  7- 9 || total
-------------------------+-------+-------+-------++-------
Melee: Scythe            |       |       |    47 ||    47
 Cast: Magic Dart        |    56 |   156 |   275 ||   487
       Iskenderun's Myst |       |     5 |       ||     5
       Iskenderun's Batt |       |       |    31 ||    31
  Use: Potion            |       |       |     6 ||     6
       Scroll            |       |       |     3 ||     3
 Stab: Sleeping          |       |       |     1 ||     1
  Eat: Chunk             |       |     9 |    23 ||    32
Armor: Robe              |     1 |     7 |    35 ||    43
Dodge: Dodged            |     5 |    24 |   101 ||   130
